 Dungeon Crawl Stone Soup version 0.30.1-4-g462c640d31 (webtiles) character file.

Game seed: 13008682753288392449

57 croobank the Cutter (level 3, -4/28 (31) HPs)
             Began as an Armataur Reaver on Aug 26, 2023.
             Slain by a gnoll
             ... wielding a +0 flail
              (11 damage)
             ... on level 2 of the Dungeon.
             The game lasted 00:04:08 (1546 turns).

croobank the Cutter (Armataur Reaver)               Turns: 1546, Time: 00:04:09

HP:   -4/28 (31)    AC:  4    Str: 17    XL:     3   Next: 73%
MP:   6/6           EV:  9    Int: 15    God:
Gold: 47            SH:  0    Dex:  8    Spells: 5/6 levels left

rFire   + . .        a - +0 short sword
rCold   . . .        (no shield)
rNeg    . . .        b - +0 leather armour
rPois   .            (no helmet)
rElec   .            (no cloak)
rCorr   .            (no gloves)
SInv    .            (no barding)
Will    .....        (no amulet)
Stlth   +            i - ring of protection from fire
HPRegen 0.24/turn    (no ring)
MPRegen 0.10/turn

%: roll
@: drained
A: large, rugged brown scales 3, deformed body, armoured tail, roll, long
tongue, awkward tongue
a: no special abilities


You were on level 2 of the Dungeon.
You visited 1 branch of the dungeon, and saw 2 of its levels.

You collected 47 gold pieces.

Inventory:

Hand Weapons
 a - a +0 short sword (weapon)
 e - a +0 hand axe
 h - a +0 trident
 o - a +0 long sword
Missiles
 d - 2 poisoned darts
Armour
 b - a +0 leather armour (worn)
 l - a +0 leather armour
Jewellery
 i - a ring of protection from fire (left hand)
 m - a ring of positive energy
Scrolls
 c - a scroll of fog {unknown}
 g - a scroll of enchant weapon {unknown}
 j - a scroll of vulnerability {unknown}
 k - a scroll of amnesia {unknown}
 n - a scroll of identify {unknown}


   Skills:
 + Level 2.2 Fighting
 + Level 3.1 Short Blades
 + Level 1.8 Dodging
 + Level 2.2 Spellcasting
 + Level 3.1 Conjurations


You had 5 spell levels left.
You knew the following spells:

 Your Spells              Type           Power      Damage    Failure   Level
a - Kiss of Death         Conj/Necr      24%        2d7       14%         1

Your spell library contained the following spells:

 Spells                   Type           Power      Damage    Failure   Level
 Momentum Strike          Conj/Tloc      12%        3d8       22%         2
 Sublimation of Blood     Necr           1%         N/A       38%         2
 Wereblood                Tmut           1%         N/A       38%         2
 Hailstorm                Conj/Ice       6%         3d4       38%         3
 Summon Hydra             Summ           0%         N/A       100%        7


Dungeon Overview and Level Annotations

Branches:
Dungeon (2/15)

Altars:


Innate Abilities, Weirdness & Mutations

You are completely covered in rugged brown scales. (AC +3, +7% HP)
Armour fits poorly on your strangely shaped body.
You have a long armoured tail.
You roll when moving toward enemies. (Rampage)
Your long tongue fully drains potion bottles. (2x potion effects)
Your tongue gives you trouble enunciating. (1.5x scroll delay)


Message History

(D) Dungeon
Where to? (Enter - D:2, ? - help)
There is an open door here.
As you open the door, it creaks loudly!
(D) Dungeon
Where to? (Enter - D:1, ? - help)
There is an open door here.
There is an open door here.
A rat is nearby!
You roll towards the rat!
You hit the rat.
You kill the rat!
No target in view!
No target in view!
Found a stone staircase leading up.
You see here 5 stones.
You roll towards the gnoll!
You roll towards the gnoll!
The gnoll barely misses you.
You barely miss the gnoll. The gnoll barely misses you.
You barely miss the gnoll. The gnoll closely misses you.
You closely miss the gnoll. You hit the gnoll but do no damage.
Your tail-slap misses the gnoll.
The gnoll barely misses you.
You hit the gnoll but do no damage. The gnoll hits you with a +0 flail.
You hit the gnoll.
The gnoll is lightly wounded.
The gnoll hits you with a +0 flail!
You hit the gnoll.
The gnoll is lightly wounded.
The gnoll hits you with a +0 flail!
* * * LOW HITPOINT WARNING * * *
You hit the gnoll.
The gnoll is moderately wounded.
The gnoll barely misses you.
You barely miss the gnoll.
Your tail-slap misses the gnoll.
The gnoll is moderately wounded.
You hit the gnoll but do no damage.
The gnoll is moderately wounded.
The gnoll hits you with a +0 flail!
You die...

#.....###'##.........# ###.#
#....................# ....#
#....................#
###.#+#####................+
# .............##.........#
# .............##.........#
# #.............##.........#
# ..........(..##.........#
###............g@..........#
'...#.#####†....############
##..#.####..###............#
.#..#..............#######.#
.#..#..............# #.#
.#..#..............# #.#
.#................)# ####.#
.#....(............# #..#.#
.#..#.############## #..#.#


You could see a gnoll.

Vanquished Creatures
  A gnoll (D:1)
  An adder (D:2)
  A worm (D:2)
  A dart slug (D:1)
  3 ball pythons (D:1)
  5 endoplasms (D:1)
  3 giant cockroaches
  A goblin (D:2)
  A hobgoblin (D:1)
  3 jackals (D:1)
  3 kobolds
  A quokka (D:2)
  3 bats
  2 frilled lizards (D:2)
  3 rats
32 creatures vanquished.

Notes
Turn   | Place    | Note
-------+----------+-------------------------------------------
     0 | D:1      | croobank the Armataur Reaver began the quest for the Orb.
     0 | D:1      | Reached XP level 1. HP: 18/18 MP: 3/3
   232 | D:1      | Reached XP level 2. HP: 25/25 MP: 4/4
   843 | D:2      | Reached XP level 3. HP: 7/31 MP: 6/6
  1546 | D:2      | Slain by a gnoll

Illustrated notes

Levels and vault maps discovered:
D:1:      lightli_arrival_statuegarden, layout_basic
D:2:      layout_basic

Skill      XL: |  1  2  3 |
---------------+----------+-----
Fighting       | 2 |  2.2
Spellcasting   | 2 |  2.2
Short Blades   | 3 |  3.1
Conjurations   | 3 |  3.1
Dodging        | |  1.8

Action                     || total
---------------------------++-------
  Melee: Short sword       ||   155
         Tailslap          ||    13
   Cast: Kiss of Death     ||     1
    Use: Potion            ||     2
 Armour: Leather armour    ||    59
  Dodge: Dodged            ||    50
